 Dungeon Crawl Stone Soup version 0.28-b1-25-g9875b3fc8c (webtiles) character file.

Game seed: 6018233574191674596

28 sanka the Ruffian (level 3, 0/30 HPs)
             Began as a Djinni Cinder Acolyte on Feb 5, 2022.
             Was a High Priest of Ignis.
             Slain by a hobgoblin (6 damage)
             ... led by Robin
             ... on level 1 of the Dungeon.
             The game lasted 00:01:04 (1602 turns).

sanka the Ruffian (Djinni Cinder Acolyte)           Turns: 1602, Time: 00:01:06

Health: 0/30       AC:  2    Str: 13    XL:     3   Next: 30%
Gold:   62         EV: 11    Int: 17    God:    Ignis [*****.] SH:  0 Dex:  8

rFire   + + +      SeeInvis .     - Unarmed
rCold   x . .      Faith    .   (no shield)
rNeg    . . .      Spirit   .   a - +0 robe
rPois   ∞          Reflect  .   (no helmet)
rElec   .          Harm     .   (no cloak)
rCorr   .          Rampage  .   (no gloves)
Will    .....                   (boots unavailable)
Stlth   +.........              (no amulet)
HPRegen 0.10/turn               (no ring)
MPRegen 0.00/turn               (no ring)

@: flying
A: sickness immunity, fire resistance 2, cold vulnerability 1, float, innate
caster, HP casting, extra vitality 1
a: Renounce Religion, Fiery Armour, Foxfire Swarm, Rising Flame


You were on level 1 of the Dungeon.
You worshipped Ignis.
Ignis was extremely pleased with you.
You visited 1 branch of the dungeon, and saw 2 of its levels.

You collected 62 gold pieces.

Inventory:

Armour
 a - a +0 robe (worn)
Scrolls
 b - a scroll of teleportation {unknown}
 c - a scroll of immolation {unknown}
 d - a scroll of identify {unknown}
 f - a scroll of noise {unknown}
Potions
 e - a potion of might {unknown}


   Skills:
 - Level 3.1 Fighting
 - Level 3.2 Unarmed Combat
 + Level 3.0 Spellcasting


You had 5 spell levels left.
You knew the following spells:

 Your Spells              Type           Power      Damage    Failure   Level
a - Scorch                Fire           26%        2d6       8%          2
b - Apportation           Tloc           26%        N/A       4%          1
Your spell library was empty.

Dungeon Overview and Level Annotations

Branches:
Dungeon (2/15)

Altars:

Annotations:
D:2 Robin


Innate Abilities, Weirdness & Mutations

You are immune to sickness and miasma.
You are immune to poison.
Your flesh is very heat resistant. (rF++)
You are vulnerable to cold. (rC-)
You float through the air rather than walking.
You learn spells naturally, not from books.
Your magical power is your life essence.
You have superior vitality. (+4 MHP)


Message History

Confirm with . or Enter, or press ? or * to list all spells.
Flames lash the kobold.
You kill the kobold!
The goblin barely misses you.
Casting: Scorch (safe; 8% risk of failure)
Confirm with . or Enter, or press ? or * to list all spells.
Flames lash the goblin.
You kill the goblin!
You start resting.
HP restored.
You fly downwards.
Level annotation: Robin The goblin shoots a stone.
The stone closely misses you.
Robin roars a battlecry!
The goblins go into a battle-frenzy!
The goblin hits you with a +0 club. The hobgoblin barely misses you.
A hobgoblin comes into view.
The hobgoblin shouts!
There is a stone staircase leading up here.
You hear an angry hiss.
The goblin closely misses you. The goblin barely misses you.
The hobgoblin barely misses you. The goblin hits you with a +0 dagger.
You fly upwards.
There is a stone staircase leading down here.
Unknown command.
Unknown command.
Casting: Scorch (safe; 8% risk of failure)
Confirm with . or Enter, or press ? or * to list all spells.
Flames lash the goblin.
You kill the goblin!
The goblin hits you with a +0 club. The hobgoblin hits you.
The goblin hits you with a +0 dagger.
Casting: Scorch (safe; 8% risk of failure)
Confirm with . or Enter, or press ? or * to list all spells.
Flames lash the goblin.
You kill the goblin!
The goblin hits you with a +0 club.
* * * LOW HITPOINT WARNING * * *
The hobgoblin hits you.
You die...

########## #........#
#.######.#
###.######.##
####...........########
#....##....##..##.....#
#.##.##..#........###.#
#.##.........)g#### #.#
#.....##.##..(@g# #.#
###†##.##.###..)## #.#
#.).##..........# #.#
#........#####.## #.#
#.##....## #.# #.#####
##.####### ##'##
#.....# ##.# ##...##
#####.# .#.####
##.....## ###.#
...##.## ##.......##
##.#.#


You could see a hobgoblin (strong) and a goblin (strong).

Vanquished Creatures
  3 ball pythons (D:1)
  4 endoplasms (D:1)
  8 goblins
  A hobgoblin (D:1)
  A quokka (D:1)
  3 bats (D:1)
  A frilled lizard (D:1)
  3 kobolds (D:1)
  3 rats (D:1)
27 creatures vanquished.

Notes
Turn   | Place    | Note
-------+----------+-------------------------------------------
     0 | D:1      | sanka the Djinni Cinder Acolyte began the quest for the
                  | Orb.
     0 | D:1      | Reached XP level 1. HP: 20/20 MP: 0/0
   360 | D:1      | Reached XP level 2. HP: 24/25 MP: 0/0
  1122 | D:1      | Reached XP level 3. HP: 25/30 MP: 0/0
  1122 | D:1      | Learned a level 1 spell: Apportation
  1406 | D:2      | Noticed Robin
  1602 | D:1      | Slain by a hobgoblin

Illustrated notes

Levels and vault maps discovered:
D:1:      minmay_arrival_four_houses, layout_loops_corners, glass_columns_a,
          nrook_uturn, kennysheep_decorative_pillar, minmay_tetromino_o4
D:2:      layout_rooms, serial_shops, nicolae_shop_advertising_works
          [nicolae_subvault_shop_adworks], nicolae_shop_bloodbath_and_beyond,
          shapermc_ecumenical_altar_mp_urbaneastern, uniq_robin

Skill      XL: |  1  2  3 |
---------------+----------+-----
Spellcasting   | 3 |  3.0
Fighting       | |  3.1
Unarmed Combat | |  3.2

Action                   || total
-------------------------++-------
Melee: Unarmed           ||    24
 Cast: Scorch            ||    23
Armor: Robe              ||    11
Dodge: Dodged            ||    25
